 Dungeon Crawl Stone Soup version 0.28.0-53-g5a82cb258f (webtiles) character file.

Game seed: 2277342095097894881

159 Sin92 the Skirmisher (level 5, -3/42 HPs)
             Began as a Demonspawn Fighter on Aug 11, 2022.
             Slain by a bullfrog skeleton (6 damage)
             ... on level 4 of the Dungeon.
             The game lasted 00:02:34 (3197 turns).

Sin92 the Skirmisher (Demonspawn Fighter)           Turns: 3197, Time: 00:02:34

Health: -3/42      AC:  2    Str: 19    XL:     5   Next: 17%
Magic:  5/5        EV:  9    Int: 11    God:
Gold:   74         SH:  4    Dex: 12    Spells: 4/4 levels left

rFire   . . .      SeeInvis .   a - +0 war axe
rCold   . . .      Faith    .   c - +0 buckler
rNeg    . . .      Spirit   .   b - +0 scale mail
rPois   .          Reflect  .   (helmet restricted)
rElec   .          Harm     .   (no cloak)
rCorr   .          Rampage  .   (no gloves)
Will    .....                   (no boots)
Stlth   ..........              (no amulet)
HPRegen 0.14/turn               (no ring)
MPRegen 0.09/turn               (no ring)

@: corroded
A: antennae 1, demonic guardian 2, big brain 1
a: no special abilities


You were on level 4 of the Dungeon.
You visited 1 branch of the dungeon, and saw 4 of its levels.

You collected 74 gold pieces.

Inventory:

Hand Weapons
 a - a +0 war axe (weapon)
Armour
 b - a +0 scale mail (worn)
 c - a +0 buckler (worn)
 n - a +0 scale mail of fire resistance
Wands
 l - a wand of digging (5)
Scrolls
 g - a scroll of identify {unknown}
 h - 2 scrolls of enchant armour {unknown}
 i - a scroll of holy word {unknown}
Potions
 d - 3 potions of might
 e - 2 potions of mutation {unknown}
 f - a potion of experience {unknown}
 j - 2 potions of haste {unknown}
 k - a potion of degeneration {unknown}
 m - a potion of ambrosia {unknown}


   Skills:
 + Level 3.7 Fighting
 * Level 3.3 Axes
 + Level 3.4 Armour
 + Level 3.4 Shields


You had 4 spell levels left.
You didn't know any spells.
Your spell library was empty.

Dungeon Overview and Level Annotations

Branches:
Dungeon (4/15)
 Temple: D:4-7

Altars:
Wu Jian

Shops:
D:3 *


Innate Abilities, Weirdness & Mutations

You have a pair of small antennae on your head.
A demonic guardian rushes to your aid.
You have an unusually large brain. (Int +2)


Message History

Found a rapier.
There is a stone staircase leading up here.
A jelly comes into view.
Found a scroll labelled ISHRUC FINNYAT.
A bullfrog skeleton and an orc come into view.
Found 14 stones.
The orc shouts!
An orc comes into view. It is wielding a +0 short sword.
There are monsters nearby!
Found a smouldering ring mail.
The orc shouts!
You hear an angry hiss.
A goblin comes into view. It is wielding a +0 dagger.
There are monsters nearby!
The goblin shouts!
The jelly hits you but does no damage.
An orc comes into view. It is wielding a +0 club.
There are monsters nearby!
The orc shouts!
You slash the jelly!
Your hands burn!
The jelly is moderately wounded.
You hit the bullfrog skeleton.
You hear an angry hiss.
You block the bullfrog skeleton's attack.
The jelly hits you but does no damage.
You hit the jelly. The acid corrodes you!
Your hands burn!
The jelly is heavily wounded.
You hit the bullfrog skeleton. The bullfrog skeleton hits you.
The jelly hits you.
You are splashed with acid!
The bullfrog skeleton hits you.
A giant cockroach comes into view.
You are too injured to fight recklessly!
The jelly hits you. The acid corrodes you!
You are splashed with acid!
* * * LOW HITPOINT WARNING * * *
You block the bullfrog skeleton's attack.
An orc comes into view. It is wielding a +0 club.
The orc hits you with a +0 flail!
* * * LOW HITPOINT WARNING * * *
A demonic guardian appears!
Unknown command.
The bullfrog skeleton hits you.
You die...

.o ...
.#.#######..###
.............
..........###
#B.........##
#oJ.....)...
#oo.........
#.Zg........
#@##.?......
#4.##........
...####.(.....
..### [......
..# .....## #
...### ....


You could see a jelly, 3 orcs, a giant cockroach, a goblin, a bullfrog skeleton
and a friendly rust devil (summoned).

Vanquished Creatures
  A bullfrog zombie (D:3)
  Terence (D:3)
  Robin (D:3)
  4 adders
  2 worms (D:3)
  A dart slug (D:3)
  3 bats
  4 endoplasms
  3 giant cockroaches
  10 goblins
  3 hobgoblins
  4 kobolds (D:3)
  3 quokkas
  4 ball pythons
  2 frilled lizards
46 creatures vanquished.

Notes
Turn   | Place    | Note
-------+----------+-------------------------------------------
     0 | D:1      | Sin92 the Demonspawn Fighter began the quest for the Orb.
     0 | D:1      | Reached XP level 1. HP: 18/18 MP: 1/1
   130 | D:1      | Found a faded altar of an unknown god.
   792 | D:2      | Gained mutation: You have an unusually large brain. (Int
                  | +2) [demonic ancestry]
   792 | D:2      | Reached XP level 2. HP: 24/24 MP: 2/2
   884 | D:2      | Found an ornate altar of the Wu Jian Council.
  1340 | D:2      | Gained mutation: You have a pair of small antennae on your
                  | head. [demonic ancestry]
  1340 | D:2      | Reached XP level 3. HP: 7/29 MP: 3/3
  1711 | D:3      | Noticed Robin
  1721 | D:3      | Killed Robin
  1925 | D:3      | Gained mutation: A weak demonic guardian rushes to your
                  | aid. [demonic ancestry]
  1925 | D:3      | Reached XP level 4. HP: 5/35 MP: 4/4
  2470 | D:3      | Found Itaarhub's General Store.
  2639 | D:3      | Noticed Terence
  2650 | D:3      | Killed Terence
  2651 | D:3      | Gained mutation: A demonic guardian rushes to your aid.
                  | [demonic ancestry]
  2651 | D:3      | Reached XP level 5. HP: 20/42 MP: 5/5
  3197 | D:4      | Slain by a bullfrog skeleton

Illustrated notes

Levels and vault maps discovered:
D:1:      minmay_arrival_jagged, layout_basic, basic_ecumenical_altar
D:2:      layout_rooms, basic_altar, kennysheep_boxes
D:3:      layout_loops_ring, serial_shops, shop, kennysheep_flooded_box,
          st_stairs_11, kennysheep_another_room, eino_curves_04, uniq_terence,
          uniq_robin
D:4:      layout_rooms

Skill      XL: |  1  2  3  4 |
---------------+-------------+-----
Axes           | 2 3 |  3.3
Armour         | 3 |  3.4
Shields        | 3 |  3.4
Fighting       | |  3.7

Action                   |  1- 3 |  4- 6 || total
-------------------------+-------+-------++-------
Melee: War axe           |    99 |    56 ||   155
Armor: Scale mail        |    46 |    15 ||    61
Dodge: Dodged            |    36 |    28 ||    64
Block: Buckler           |    20 |    13 ||    33
